AoeStats
← SAKURA

Enclosed

506303948Analyzed
1v1 RM · 20d ago on Sep 13, 2026· 23m 47s· 2 players
Game mode
Random Map
Map size
Tiny (2 player)
Population
200
Speed
Normal
Resources
Standard
Victory
Conquest
Starting age
Dark Age
Ending age
Imperial Age
RankedLock teamsTeams togetherTeam positionsShared explorationLock speedFull tech treeHidden civsTurbo modeCheats
Victory
Defeat
🇦🇺 Berbers · Australia
618
+14
🇨🇳 Franks · China
568
-14
SAKURA
1:16 Loom
10:37 Feudal Age
11:17 Town Watch
16:23 Wheelbarrow
19:47 Man-at-Arms
21:54 Arson
malcolm.james.new
1:00 Loom
14:20 Feudal Age
15:44 Double-Bit Axe
15:50 Gold Mining
15:24 Man-at-Arms
15:51 Arson
16:41 Horse Collar
16:56 Stone Mining
17:50 Scale Mail Armor
19:46 Town Watch
20:56 Forging
20:59 Scale Barding Armor
23:22 Bloodlines
Connection lost

Rejoining the realm…

Still unreachable

The connection could not be restored.

Session expired

The server has moved on; the page needs a fresh start.